[Event "*** SCC Grand Prix: Titled Tuesday Blitz"]
[Site "Chess.com"]
[Date "2020.06.02"]
[Round "9"]
[White "TregubovP"]
[Black "carlesdc96"]
[Result "1/2-1/2"]
[WhiteElo "2573"]
[BlackElo "2741"]
[TimeControl "180+1"]
[EndTime "11:48:10 PDT"]
[Termination "Game drawn - insufficient material"]

1. e4 e6 2. d4 d5 3. exd5 exd5 4. Nf3 Nf6 5. Bd3 Bd6 6. Qe2+ Be6 7. c4 dxc4 8. Bxc4 Qe7 9. O-O O-O 10. Re1 Re8 11. Bxe6 fxe6 12. Nc3 Nbd7 13. Bg5 h6 14. Bh4 Qf7 15. Ne5 Bxe5 16. dxe5 Nh5 17. Rad1 Nb6 18. a4 Nf4 19. Qb5 c6 20. Qb3 Nbd5 21. Ne4 Qg6 22. Bg3 b6 23. Bxf4 Nxf4 24. Qf3 Nd5 25. Nd6 Rf8 26.
Qe4 Qxe4 27. Rxe4 c5 28. g3 g5 29. h4 Kg7 30. Kg2 Kg6 31. a5 bxa5 32. hxg5 hxg5 33. Ra1 Rab8 34. Re2 Rb4 35. Rxa5 Rfb8 36. Rxc5 Rxb2 37. Rxb2 Rxb2 38. Rc8 g4 39. Rg8+ Kh7 40. Rg5 a5 41. Ne4 Kh6 42. Rg8 a4 43. Ra8 Ne3+ 44. Kg1 Rb1+ 45.
Kh2 Rb4 46. Nf6 Nd1 47. Kg2 Kg5 48. Nd7 Rb2 49. Rxa4 Rxf2+ 50. Kg1 Rd2 51. Nf6 Kf5 52. Nxg4 Nc3 53. Rf4+ Kg5 54. Kf1 Ne2 55. Nf2 Nxf4 56. Ne4+ Kg4 57. Nxd2 Kxg3 58. Ne4+ Kf3 59. Nc5 Ke3 60.
Nxe6 Nxe6 61. Ke1 Ke4 62. Kd1 Kxe5 1/2-1/2

[Event "*** SCC Grand Prix: Titled Tuesday Blitz"]
[Site "Chess.com"]
[Date "2020.06.02"]
[Round "9"]
[White "Sharpchess22"]
[Black "Haykoooo0o"]
[Result "1-0"]
[WhiteElo "2739"]
[BlackElo "2563"]
[TimeControl "180+1"]
[EndTime "11:48:10 PDT"]
[Termination "Sharpchess22 won by resignation"]

1. d4 Nf6 2. c4 c5 3. d5 b5 4.
cxb5 a6 5. bxa6 g6 6. Nc3 Bg7 7. g3 O-O 8. Bg2 d6 9. Nf3 Bf5 10. Nh4 Bd7 11. O-O Nxa6 12. Rb1 Qb6 13. b3 Rfb8 14.
Bd2 Ne8 15. e4 Nec7 16. a4 Nb4 17. Kh1 Bc8 18. Bf3 Ba6 19. Be2 Bxe2 20. Nxe2 Qa6 21. Bc3 Qd3 22. Qxd3 Nxd3 23. Kg2 Bxc3 24. Nxc3 Rb4 25.
Rfd1 Ne5 26. f4 Ng4 27. Re1 Rab8 28. h3 Nf6 29. Nf3 Rxb3 30. Nd2 Rb2 31. Kf3 R8b4 32. Rxb2 Rxb2 33. Ke3 h5 34. Rb1 Rxb1 35. Ndxb1 h4 36.
gxh4 Kf8 37. Nd2 Kg7 38. a5 Kh6 39. Kf3 Kh5 40. Kg3 Na6 41. e5 Nd7 42. Nc4 dxe5 43.
fxe5 Nb4 44. d6 exd6 45. exd6 g5 46. hxg5 Kxg5 47. h4+ Kf6 48. Ne4+ Kf5 49. Kf3 Ke6 50. Ng5+ Kf6 51. Nb6 Nxb6 52. axb6 c4 53. b7 Nc6 54. h5 c3 55. Ne4+ Ke6 56. Nxc3 Kxd6 57. h6 Kc7 58. Kf4 Ne5 59. Kxe5 1-0

[Event "*** SCC Grand Prix: Titled Tuesday Blitz"]
[Site "Chess.com"]
[Date "2020.06.02"]
[Round "9"]
[White "Stewie_89"]
[Black "Barmen_EV"]
[Result "1-0"]
[WhiteElo "2624"]
[BlackElo "2404"]
[TimeControl "180+1"]
[EndTime "11:48:10 PDT"]
[Termination "Stewie_89 won on time"]

1. e4 c5 2. Nf3 Nc6 3. Bb5 e6 4. Bxc6 bxc6 5. O-O Ne7 6. d3 Ng6 7. e5 Be7 8. Nc3 O-O 9. Be3 f6 10. exf6 gxf6 11. h4 Kh8 12. h5 Ne5 13. Nxe5 fxe5 14.
Bh6 Rg8 15. Qe2 d6 16. Ne4 Bd7 17. f4 exf4 18. Rxf4 e5 19. Rf7 Bg4 20. Nf6 Bxf6 21. Qe4 Bg7 22. Rxg7 Rxg7 23. Bxg7+ Kxg7 24. Qxg4+ Kh6 25. Rf1 Qg5 26. Qe6+ Kg7 27. h6+ Kh8 28. Qxd6 Rg8 29. Qxc6 e4 30. Qf6+ Qxf6 31. Rxf6 exd3 32. cxd3 Rd8 33.
Kf2 Kg8 34. Ke3 a5 35. Rc6 Rd5 36. g4 Rg5 37. Kf4 Rd5 38. b3 Rxd3 39. Rxc5 a4 40. bxa4 Rd4+ 41. Kf5 Rxa4 42. Rc8+ Kf7 43. Rc7+ Kg8 44.
Rg7+ Kh8 45. Rc7 Kg8 46. Rc2 Ra5+ 47. Kf4 Ra4+ 48. Kg3 Ra3+ 49. Kh4 Ra4 50. Kh5 Kf7 51. g5 Ra5 52. Rc7+ Kg8 53. Rg7+ Kh8 54. Re7 Kg8 55. Kg4 Ra4+ 56. Kf5 Rxa2 57. Kf6 1-0

[Event "*** SCC Grand Prix: Titled Tuesday Blitz"]
[Site "Chess.com"]
[Date "2020.06.02"]
[Round "9"]
[White "chesslh19"]
[Black "MariaFominykh"]
[Result "0-1"]
[WhiteElo "2163"]
[BlackElo "2266"]
[TimeControl "180+1"]
[EndTime "11:48:10 PDT"]
[Termination "MariaFominykh won by resignation"]

1. e4 d6 2. d4 Nf6 3. Nc3 e5 4. dxe5 dxe5 5. Qxd8+ Kxd8 6. Bg5 Be6 7. O-O-O+ Ke8 8.
Bxf6 gxf6 9. Nd5 Bxd5 10. Rxd5 Nd7 11. Ne2 Nc5 12. Ng3 c6 13. Rd1 Bh6+ 14. Kb1 Bf4 15. f3 Bxg3 16. hxg3 Ke7 17. g4 Ne6 18. g3 Rhg8 19.
c3 Rad8 20. Be2 Ng5 21. Kc2 Rxd1 22. Rxd1 Rd8 23. Rh1 Kf8 24. b4 Kg7 25. a4 b6 26.
Ra1 Ne6 27. a5 b5 28. Rh1 Nc7 29. Bd3 a6 30. Be2 Ne6 31. Rg1 c5 32. bxc5 Nxc5 33. c4 b4 34. Rb1 Rb8 35. Rd1 b3+ 36. Kb2 Na4+ 37. Ka3 Nc3 38. Re1 b2 39. Bd3 b1=Q 40. Bxb1 Nxb1+ 41. Ka4 Nd2 42. Rc1 Nxf3 43. c5 Nd4 44. c6 Rc8 45. c7 Nb5 46. Rc6 Rxc7 47. Rxa6 Nd4 48. Rb6 Rc1 49. Kb4 Rb1+ 50. Kc5 Ra1 51.
a6 Ne6+ 52. Kd6 Ng5 53. Kc6 Nxe4 54. Kb7 Nc5+ 55. Ka7 Nxa6 56. g5 fxg5 57. g4 Nc5+ 0-1

[Event "*** SCC Grand Prix: Titled Tuesday Blitz"]
[Site "Chess.com"]
[Date "2020.06.02"]
[Round "9"]
[White "zala02"]
[Black "timedothwasteme"]
[Result "1/2-1/2"]
[WhiteElo "2217"]
[BlackElo "2152"]
[TimeControl "180+1"]
[EndTime "11:48:10 PDT"]
[Termination "Game drawn - insufficient material"]

1. d4 Nf6 2. c4 g6 3. Nc3 Bg7 4. e4 d6 5. Nf3 O-O 6. Be2 e5 7. O-O Nc6 8. d5 Ne7 9. b4 Nh5 10. c5 f5 11. Ng5 Nf6 12. f3 h6 13.
Ne6 Bxe6 14. dxe6 d5 15. exd5 Nfxd5 16. Nxd5 Qxd5 17. Qxd5 Nxd5 18. Bc4 c6 19. Rd1 Rfd8 20. Bb2 Kh7 21. a3 Ne3 22. Rxd8 Rxd8 23. Bb3 Bf6 24. Bc1 f4 25. Kf2 Nf5 26. Bc4 g5 27. Ra2 Kg7 28.
Rd2 Rxd2+ 29. Bxd2 Nd4 30. Bc3 Nf5 31. Ke2 Kf8 32.
Kd3 Ke7 33. Ke4 Ne3 34. Bb3 Nxg2 35. Bxe5 Bxe5 36. Kxe5 g4 37. fxg4 f3 38. Bc4 f2 39.
Ke4 Ne1 40. Ke3 Nc2+ 41. Kxf2 Nxa3 42. Bb3 Nb5 43. h4 Nd4 44. Bc4 Nxe6 45. Bxe6 Kxe6 46. Ke3 Kf6 47. Kf4 b6 48. g5+ hxg5+ 49. hxg5+ Kg6 50.
Ke5 Kxg5 51. Kd6 bxc5 52. bxc5 a5 53. Kxc6 a4 54. Kb5 a3 55. c6 a2 56. c7 a1=Q 57.
c8=Q Qb1+ 58. Ka6 Qa2+ 59. Kb7 Qb3+ 60. Kc7 Qc3+ 61. Kb8 Qxc8+ 62. Kxc8 1/2-1/2

[Event "*** SCC Grand Prix: Titled Tuesday Blitz"]
[Site "Chess.com"]
[Date "2020.06.02"]
[Round "9"]
[White "keepitcool9499"]
[Black "Everyfishknows"]
[Result "1-0"]
[WhiteElo "2476"]
[BlackElo "2329"]
[TimeControl "180+1"]
[EndTime "11:48:11 PDT"]
[Termination "keepitcool9499 won by resignation"]

1. d4 Nf6 2. c4 e6 3. Nc3 Bb4 4.
Bd2 O-O 5. Nf3 b6 6. e3 Bb7 7. Bd3 d5 8. O-O Nbd7 9. Rc1 c5 10. a3 Bxc3 11. Bxc3 dxc4 12. Bxc4 Ne4 13. Qe2 Nxc3 14. Rxc3 Nf6 15. dxc5 Ne4 16. Rcc1 Nxc5 17. Rfd1 Qe7 18. b4 Ne4 19. Ba6 Rac8 20. Bxb7 Qxb7 21. Qd3 h6 22. h3 Nf6 23. Ne5 Rxc1 24. Rxc1 Rc8 25.
Rxc8+ Qxc8 26. Qc4 Qxc4 27. Nxc4 Ne4 28. Kf1 Kf8 29.
f3 Nc3 30. Ke1 Ke7 31. Kd2 Nd5 32. Ne5 a6 33. Kd3 f6 34. Nc4 b5 35. Nd2 Nb6 36. f4 Kd6 37. Ne4+ Ke7 38. Kd4 Nc4 39. a4 Nb2 40. axb5 axb5 41. Nc3 Kd6 42. Nxb5+ Kc6 43.
Nc3 Kd6 44. Ne4+ Kc6 45. Nc5 Kd6 46. Nd3 e5+ 47. fxe5+ fxe5+ 48. Nxe5 Nd1 49. Nd3 Kc6 50. Ke4 Nc3+ 51. Kf5 Nd5 52. e4 Ne3+ 53. Kg6 Nxg2 54.
Kxg7 Kd6 55. Kxh6 Ne3 56. Kg5 Nf1 57. h4 Nd2 58. e5+ Ke6 59. h5 Ne4+ 60. Kg6 Ng3 61. h6 Nf5 62. h7 Ne7+ 63. Kg7 Kd5 64. h8=Q Nf5+ 1-0

[Event "*** SCC Grand Prix: Titled Tuesday Blitz"]
[Site "Chess.com"]
[Date "2020.06.02"]
[Round "9"]
[White "Shushik"]
[Black "joksijoksi"]
[Result "0-1"]
[WhiteElo "2167"]
[BlackElo "2342"]
[TimeControl "180+1"]
[EndTime "11:48:11 PDT"]
[Termination "joksijoksi won on time"]

1. e4 e6 2. d4 d5 3. Nd2 Nf6 4. e5 Nfd7 5. Bd3 c5 6. c3 Nc6 7. Ngf3 Be7 8. O-O g5 9. dxc5 Ndxe5 10. Bb5 Bd7 11. Nb3 g4 12. Nxe5 Nxe5 13. Bxd7+ Qxd7 14. Bf4 Ng6 15. Qxg4 O-O-O 16. Rfe1 Rhg8 17. Bg3 f5 18.
Qe2 f4 19. Nd4 fxg3 20. hxg3 e5 21. c6 bxc6 22. Nf3 e4 23. Nd4 Bc5 24. b4 Bb6 25. a4 Rgf8 26. a5 Bxd4 27. cxd4 Kb8 28. Rab1 Ka8 29. Rec1 Rb8 30. Rc5 Rfc8 31. Qd2 Rb5 32.
Qc3 Rcb8 33. Rxc6 Rxb4 34. Rxb4 Rxb4 35. Rc8+ Kb7 36. Qxb4+ Kxc8 37. Qc5+ Kd8 38. Kh2 Ne7 39.
Qb4 Qc7 40. Kg1 Kd7 41. Qb5+ Nc6 42. Qxd5+ Qd6 43. Qxe4 Nxd4 44. Qxh7+ Qe7 45. Qe4 Qxe4 0-1

[Event "*** SCC Grand Prix: Titled Tuesday Blitz"]
[Site "Chess.com"]
[Date "2020.06.02"]
[Round "9"]
[White "kushagramohan"]
[Black "ajian"]
[Result "0-1"]
[WhiteElo "2623"]
[BlackElo "2461"]
[TimeControl "180+1"]
[EndTime "11:48:12 PDT"]
[Termination "ajian won by checkmate"]

1. e4 c5 2. Nf3 Nc6 3. d4 cxd4 4.
Nxd4 Nf6 5. Nc3 e5 6. Ndb5 d6 7. Bg5 a6 8. Na3 b5 9. Nd5 Be7 10. Bxf6 Bxf6 11. c3 O-O 12. Nc2 Rb8 13. h4 g6 14. h5 Bg5 15. Nce3 Be6 16. g3 Ne7 17. Bg2 Bxe3 18. Nxe3 a5 19. O-O Kg7 20. Qd2 Qc7 21. h6+ Kh8 22. f4 f6 23. Rf2 b4 24. Raf1 bxc3 25.
bxc3 Ng8 26. f5 Bf7 27. fxg6 hxg6 28. Ng4 Bc4 29. Rd1 Be6 30. Ne3 Rbd8 31. Nd5 Bxd5 32. exd5 Kh7 33. Bf3 f5 34. Qg5 Qe7 35. Qe3 f4 36.
gxf4 Rxf4 37. Re1 Rdf8 38. Ree2 Nxh6 39. Bg2 Ng4 40. Qh3+ Kg7 41. Rxf4 Rxf4 42. Qg3 Qa7+ 43. Kh1 Nf2+ 44. Kh2 Ng4+ 45. Kh1 Qb6 46. Bh3 Nf2+ 47. Kg2 Nxh3 48. Qxh3 Qd8 49. Re3 Qg5+ 50. Rg3 Qf6 51. Qd7+ Qf7 52. Qxd6 Rf2+ 53. Kg1 Rf1+ 54. Kh2 Qf2+ 55.
Kh3 Rh1+ 56. Kg4 Qf5# 0-1

[Event "*** SCC Grand Prix: Titled Tuesday Blitz"]
[Site "Chess.com"]
[Date "2020.06.02"]
[Round "9"]
[White "Machidon"]
[Black "CroissantNeuf"]
[Result "1-0"]
[WhiteElo "2511"]
[BlackElo "2384"]
[TimeControl "180+1"]
[EndTime "11:48:12 PDT"]
[Termination "Machidon won on time"]

1. d4 Nf6 2. c4 e6 3. Nc3 c5 4. d5 exd5 5. cxd5 d6 6. e4 g6 7. Nf3 Bg7 8. Be2 O-O 9. O-O a6 10.
a4 Bg4 11. Bf4 Bxf3 12. Bxf3 Qe7 13. Re1 Nbd7 14. h3 Rab8 15. a5 b5 16. axb6 Rxb6 17.
Ra2 Rfb8 18. Qc2 Ne5 19. Be2 a5 20. Rea1 c4 21. Bc1 Nfd7 22. Rxa5 Nc5 23. Ra8 Ned3 24. R1a7 Qh4 25. Bf3 Bd4 26. Nd1 Nxe4 27. Bxe4 Qxe4 28. Be3 Bxe3 29. Nxe3 Rxb2 30. Qxc4 Rb1+ 31. Kh2 Qxc4 32. Nxc4 Nxf2 33. Nxd6 Rxa8 34. Rxa8+ Kg7 35. Ne8+ Kh6 36. Ra7 Rd1 37. Rxf7 Ne4 38. Re7 Nf2 39. Re2 Nd3 40. d6 Nc5 41. Re7 Kg5 42. Rxh7 Kf5 43.
Re7 Rd2 44. Kg3 Rd3+ 45. Kh4 g5+ 46. Kh5 Rd4 47. Ng7+ Kf6 48. g4 Ne4 49. Kh6 Ng3 50. Nh5+ 1-0

[Event "*** SCC Grand Prix: Titled Tuesday Blitz"]
[Site "Chess.com"]
[Date "2020.06.02"]
[Round "9"]
[White "Efremov_Vlad"]
[Black "1f3_2g41-0"]
[Result "1/2-1/2"]
[WhiteElo "2166"]
[BlackElo "2230"]
[TimeControl "180+1"]
[EndTime "11:48:12 PDT"]
[Termination "Game drawn by repetition"]

1. c4 Nf6 2. d4 g6 3. Nf3 Bg7 4.
g3 O-O 5. Bg2 e6 6. O-O d5 7.
Nc3 Nc6 8. b3 a5 9. Bb2 b6 10.
Rc1 Bb7 11. Ne5 Ne7 12. Re1 Ne4 13. Nxe4 dxe4 14. Qc2 f5 15. f3 c5 16. dxc5 Qc7 17. c6 Nxc6 18. Nxc6 Bxb2 19. Qxb2 exf3 20. exf3 Qxc6 21.
f4 Qc5+ 22. Qf2 Qxf2+ 23. Kxf2 Bxg2 24. Kxg2 Kf7 25. Re5 Rfd8 26. Rce1 Rd2+ 27. Kg1 Re8 28. Rb5 Rxa2 29. Rxb6 Rb2 30. Rb5 Rd8 31. Rxa5 Rdd2 32.
Ra7+ Kf6 33. Rxh7 Rg2+ 34. Kh1 Rgd2 35. Rc1 Rxb3 36. c5 Rb8 37. c6 Rc8 38. c7 Ra2 39.
Rd7 Ra7 40. Rc6 Rb7 41. Rdd6 Rbxc7 42. Rxe6+ Kf7 43. Rxc7+ Rxc7 44. Re2 Kf6 45. Kg2 Rc1 46.
h3 g5 47. fxg5+ Kxg5 48. h4+ Kg4 49. Ra2 Rc3 50. Ra4+ Kh5 51. Kh3 Rf3 52. Rf4 Rxf4 53. gxf4 Kg6 54. Kg3 Kh5 55. Kh3 Kg6 56. Kg3 Kh6 57. Kf3 Kh5 58. Kg3 Kh6 59. Kh3 Kg6 1/2-1/2

[Event "*** SCC Grand Prix: Titled Tuesday Blitz"]
[Site "Chess.com"]
[Date "2020.06.02"]
[Round "9"]
[White "Alexey_Spirin"]
[Black "HanSchut"]
[Result "0-1"]
[WhiteElo "2015"]
[BlackElo "2194"]
[TimeControl "180+1"]
[EndTime "11:48:12 PDT"]
[Termination "HanSchut won on time"]

1. e4 c5 2. Nf3 d6 3. Bb5+ Bd7 4. Bxd7+ Qxd7 5. O-O Nf6 6. e5 dxe5 7. Nxe5 Qc7 8. d4 Nfd7 9. Bf4 Nxe5 10. Bxe5 Qc6 11.
d5 Qb6 12. c4 Nd7 13. Qa4 Qb4 14. Qxb4 cxb4 15. Bd4 b6 16. Re1 Rc8 17. b3 Nc5 18.
Nd2 Kd7 19. Nf3 f6 20. Re3 e5 21. dxe6+ Nxe6 22. Rd1 Nxd4 23. Nxd4 Kc7 24. Ne6+ Kc6 25. Nxf8 Rhxf8 26. Re6+ Kb7 27. Re7+ Rc7 28. Rdd7 Rxd7 29. Rxd7+ Kc6 30. Rxg7 a5 31. Rxh7 Rd8 32. h4 Rd1+ 33. Kh2 Rd2 34. Kg3 Rxa2 35. Rf7 a4 36. bxa4 b3 37.
Rxf6+ Kb7 38. Rf3 b2 39. Rb3 Ra3 40. Rxa3 b1=Q 41. Rf3 Qb4 42. Rf4 Qxa4 43. h5 Qd7 44. f3 Kc6 45. Rh4 Qg7+ 46. Kh2 Qg5 47. g3 Qd2+ 48.
Kh3 Qd7+ 49. g4 Kc5 50. h6 Qh7 51. Kg3 Kxc4 52. g5+ Kd3 0-1

[Event "*** SCC Grand Prix: Titled Tuesday Blitz"]
[Site "Chess.com"]
[Date "2020.06.02"]
[Round "9"]
[White "Quaternitychess"]
[Black "AliKa2810"]
[Result "1-0"]
[WhiteElo "2805"]
[BlackElo "2578"]
[TimeControl "180+1"]
[EndTime "11:48:13 PDT"]
[Termination "Quaternitychess won on time"]

1. e4 e5 2. Nf3 Nf6 3. Nc3 Nc6 4. h3 d5 5. exd5 Nxd5 6. Bb5 Nxc3 7. bxc3 Bd6 8. O-O O-O 9. Re1 Qf6 10. d4 exd4 11.
cxd4 a6 12. Bd3 Bf5 13. Rb1 Rfe8 14. Bxf5 Qxf5 15. Rxb7 Rxe1+ 16. Nxe1 Re8 17. Nf3 Qe4 18. Rb3 Nxd4 19. Re3 Nxf3+ 20. Qxf3 Qa4 21. Rxe8+ Qxe8 22. Be3 h6 23. g3 Qe6 24. Qa8+ Kh7 25. Qxa6 Qxh3 26.
Qd3+ f5 27. a4 h5 28. Bf4 Bxf4 29. gxf4 Qg4+ 30. Kf1 h4 31. Qe2 Qxf4 32. a5 Qa4 33. Qh5+ Kg8 34. Qxf5 h3 35. Kg1 Qc4 36. Kh2 Qe2 37.
Kxh3 Qf1+ 38. Kh2 Qe2 39. Kg2 Qc4 40. Kg3 c6 41. f3 Qf1 42. Qe6+ Kf8 43. Qd6+ Kf7 44.
Qc7+ Kf8 45. Qc8+ Kf7 46. Qb7+ Kf8 47. a6 Qe1+ 48. Kf4 Qd2+ 49. Ke4 Qxc2+ 50. Kd4 Qd2+ 51. Kc5 Qc3+ 52. Kb6 Qb3+ 53. Kc7 Qf7+ 54. Kb8 Qf4+ 55. Qc7 Qb4+ 56. Kc8 1-0

[Event "*** SCC Grand Prix: Titled Tuesday Blitz"]
[Site "Chess.com"]
[Date "2020.06.02"]
[Round "9"]
[White "Bulldog167"]
[Black "Gyapiking"]
[Result "1-0"]
[WhiteElo "2743"]
[BlackElo "2504"]
[TimeControl "180+1"]
[EndTime "11:48:14 PDT"]
[Termination "Bulldog167 won by resignation"]

1. c4 f5 2. Nc3 Nf6 3. d4 d6 4. e4 fxe4 5. f3 Bf5 6. Qc2 Nc6 7. fxe4 Bg6 8. Nf3 e5 9. d5 Nd4 10. Qa4+ Nd7 11. Be3 Nxf3+ 12. gxf3 Be7 13. Bh3 Bh4+ 14. Ke2 a6 15. Rhg1 b5 16. cxb5 O-O 17. bxa6 Nf6 18. a7 Bh5 19. Raf1 Kh8 20. Kd3 Be8 21. Qb4 c5 22. dxc6 Bxc6 23. Kc2 d5 24. Bb6 Qe8 25. exd5 Nxd5 26. Nxd5 Bxd5 27. Kb1 Bf6 28. Rf2 e4 29. fxe4 Bxe4+ 30. Ka1 Qe5 31. a3 Bd5 32. Bg2 Bxg2 33. Rfxg2 Rfc8 34. Re1 Qd5 35. Rge2 h6 36. Qe4 Qb3 37. Qb4 Qd5 38. Rd2 Qf5 39. Bd4 Bxd4 40. Qxd4 Qf7 41. Rf2 Qb7 42. Ref1 Rxa7 43. Rf8+ Rxf8 44.
Rxf8+ Kh7 45. Qd3+ g6 46. Qd4 Qg7 47. Qxg7+ Kxg7 48. Rf1 g5 49. Ka2 Kg6 50. b4 g4 51. Kb3 Kg5 52. b5 h5 53. a4 h4 54. Kb4 g3 55.
hxg3 hxg3 56. b6 Re7 57. a5 Kg4 58. a6 Re6 59. Kc5 Re5+ 60. Kd6 Rf5 61. Ra1 g2 62.
Rg1 Kg3 63. a7 Rf6+ 64. Ke5 1-0

[Event "*** SCC Grand Prix: Titled Tuesday Blitz"]
[Site "Chess.com"]
[Date "2020.06.02"]
[Round "9"]
[White "StephenDedalus83"]
[Black "Flawless_Fighter"]
[Result "1-0"]
[WhiteElo "2713"]
[BlackElo "2483"]
[TimeControl "180+1"]
[EndTime "11:48:14 PDT"]
[Termination "StephenDedalus83 won by resignation"]

1. e4 c6 2. d4 d5 3. e5 Bf5 4. c3 e6 5. Be3 Nd7 6. Nd2 Ne7 7. f4 h5 8. Be2 Bg6 9. Ngf3 Nf5 10. Bf2 c5 11. O-O Be7 12. g3 c4 13.
h3 b5 14. a3 a5 15. Kg2 b4 16. axb4 axb4 17. cxb4 h4 18. g4 Ng3 19. Bxg3 hxg3 20. Kxg3 Bxb4 21. h4 Be4 22. Nxe4 dxe4 23. Ng5 Rxa1 24.
Qxa1 Nb6 25. Rd1 e3 26. Bxc4 Be7 27. Bb5+ Kf8 28. Qa6 Nd5 29. Ra1 Bxg5 30. fxg5 g6 31. Qa8 Kg7 32. Qxd8 Rxd8 33. Kf3 Rb8 34. Ra5 Nc7 35. Bc4 Rxb2 36. Ra7 Nd5 37. Bxd5 e2 38.
Kf2 exd5 39. e6 Rd2 40. Rxf7+ Kg8 41. Rf6 Rxd4 42. Kxe2 Rxg4 43. Kf3 Re4 44. Rxg6+ Kf8 45. h5 Rh4 46. h6 Ke7 47. Ke3 Re4+ 48. Kd3 Rh4 49. Rf6 Rh5 50. Rg6 Rh4 51. Rg7+ Kxe6 52. h7 Ke5 53. g6 Rh3+ 54. Kc2 d4 55. Rg8 Rh2+ 56. Kb3 Rh3+ 57. Kb4 d3 58. h8=Q+ Rxh8 59. Rxh8 d2 60. Rd8 1-0

[Event "*** SCC Grand Prix: Titled Tuesday Blitz"]
[Site "Chess.com"]
[Date "2020.06.02"]
[Round "9"]
[White "Tomytoteph"]
[Black "louis198"]
[Result "1-0"]
[WhiteElo "2322"]
[BlackElo "2456"]
[TimeControl "180+1"]
[EndTime "11:48:15 PDT"]
[Termination "Tomytoteph won by resignation"]

1. e4 e6 2. d4 d5 3. Nd2 Nc6 4. Ngf3 Nf6 5. e5 Nd7 6. c4 dxc4 7. Bxc4 Nb6 8. Bb5 Bd7 9. O-O Nxe5 10. Nxe5 Bxb5 11. Nxf7 Kxf7 12. Qh5+ g6 13. Qxb5 Qxd4 14.
Nf3 Qd5 15. Qe2 Be7 16. Rd1 Qf5 17. Ne5+ Kg7 18. g4 Qf6 19. b3 Rhd8 20. Bb2 Kg8 21. Nc6 Rxd1+ 22. Rxd1 Qf7 23. Nxe7+ Qxe7 24. Qe5 Rf8 25.
Qh8+ Kf7 26. Qxh7+ Ke8 27. Qxg6+ Rf7 28. Re1 Kd7 29.
Ba3 Qf6 30. Rd1+ Nd5 31. Qxf6 Rxf6 32. Bc1 c5 33. Kg2 Kc6 34. g5 Rf5 35. h4 b5 36.
Kg3 Ne7 37. Kg4 Rxf2 38. Bf4 Nd5 39. Bg3 Ne3+ 40. Kh5 Rf3 41. Rd6+ Kb7 42. Be5 Nf5 43. Rxe6 Rh3 44. Kg4 Nd4 45. Re7+ Kc6 46. Kxh3 Nf5 47. Rf7 Ne3 48. Rf6+ Kd5 49. Bg3 c4 50. bxc4+ bxc4 51. g6 c3 52. Rd6+ Ke4 53. Rc6 Nf5 54. Rxc3 1-0

[Event "*** SCC Grand Prix: Titled Tuesday Blitz"]
[Site "Chess.com"]
[Date "2020.06.02"]
[Round "9"]
[White "OnePeculiarConundrum"]
[Black "flexova"]
[Result "1/2-1/2"]
[WhiteElo "2251"]
[BlackElo "2398"]
[TimeControl "180+1"]
[EndTime "11:48:15 PDT"]
[Termination "Game drawn by agreement"]

1. e4 e6 2. d4 d5 3. e5 c5 4. c3 Nc6 5. Nf3 Bd7 6. Be2 Rc8 7.
O-O cxd4 8. cxd4 Nge7 9. a3 Ng6 10. b4 Be7 11. Bb2 O-O 12. Nc3 f6 13. exf6 Bxf6 14.
Na4 b6 15. Re1 Nf4 16. Bf1 Ne7 17. g3 Nfg6 18. Nc3 Nf5 19. Bg2 Nd6 20. Ne2 Ne4 21.
Rc1 Qe7 22. Nc3 Nxc3 23. Rxc3 Qd6 24. Qd2 Ne7 25. Rxc8 Rxc8 26. Ne5 Bxe5 27. Rxe5 Qc6 28. Re2 Nf5 29. Bh3 Rf8 30. Qe1 Qc4 31. Bxf5 Rxf5 32. Qd1 Ba4 33. Qe1 Bd7 34. Qd1 Kf7 35. Rd2 a5 36.
bxa5 bxa5 37. Qc2 Qxc2 38. Rxc2 Rf3 39. Rc7 Ke8 40. Bc3 a4 41. Bb4 Rd3 42. Bc5 h5 43. Ra7 g5 44. Ra8+ Kf7 45. Rh8 Kg6 46. Rg8+ Kf5 47. Rf8+ Kg4 48. Kg2 h4 49. h3+ Kh5 50. Rf6 hxg3 51. fxg3 Rd2+ 52. Kf3 Rd3+ 53. Ke2 Rxg3 54.
Rf7 Bb5+ 55. Kf2 Rxh3 56. Rh7+ Kg4 57. Rxh3 Kxh3 58. Bd6 g4 59. Be5 Kh4 60. Bg3+ Kg5 61. Be5 Kf5 62. Kg3 Bd3 63. Bd6 Be2 64. Be5 Bf3 65. Bd6 Ke4 66. Be5 Kd3 67. Kf2 Kc4 68.
Ke3 Kc3 69. Kf2 Bd1 70. Kg3 Bf3 71. Kf2 Kc4 72. Kg3 Kb3 73. Bd6 Kc3 74. Be5 1/2-1/2

[Event "*** SCC Grand Prix: Titled Tuesday Blitz"]
[Site "Chess.com"]
[Date "2020.06.02"]
[Round "9"]
[White "monalize"]
[Black "2008king"]
[Result "0-1"]
[WhiteElo "2273"]
[BlackElo "2136"]
[TimeControl "180+1"]
[EndTime "11:48:15 PDT"]
[Termination "2008king won on time"]

1. e4 e5 2. Nf3 Nc6 3. Bb5 a6 4. Bxc6 dxc6 5. O-O Bd6 6. d4 exd4 7. Qxd4 f6 8. Be3 Ne7 9. Nbd2 Be6 10. Rad1 O-O 11. Nc4 Bxh2+ 12. Kxh2 Qxd4 13. Rxd4 c5 14. Rd5 Nxd5 15.
exd5 Bxd5 16. Ncd2 b6 17. c4 Bc6 18. Bf4 Rac8 19.
Re1 Rf7 20. Nb1 Rd8 21. Nc3 Kf8 22. Kg3 Re8 23. Rh1 Kg8 24. Rd1 g5 25. Be3 Rd7 26.
Rxd7 Bxd7 27. Nd5 Kf7 28. Nxc7 Rc8 29. Nd5 b5 30. Nb6 Rc7 31. Nxd7 Rxd7 32. cxb5 axb5 33. Bxc5 Rc7 34. b4 Rc8 35. Nd4 Ra8 36. Nxb5 Rxa2 37. Kf3 Ke6 38. g4 Rb2 39. Ke4 Re2+ 40. Kd3 Re1 41. Nc3 Rg1 42. f3 Rf1 43. Ke2 Rc1 44. Ne4 h6 45. Nd2 f5 46. gxf5+ Kxf5 47. Be3 Rh1 48.
b5 Ra1 49. b6 Ra8 50. Nc4 Rb8 51. Nd6+ Ke6 52. Nb5 Kd5 53. Nc7+ Kc6 54. Kf2 h5 55.
Ne6 g4 56. f4 h4 57. Ng5 Ra8 0-1

[Event "*** SCC Grand Prix: Titled Tuesday Blitz"]
[Site "Chess.com"]
[Date "2020.06.02"]
[Round "9"]
[White "Grischuk"]
[Black "Saxar85"]
[Result "1-0"]
[WhiteElo "3092"]
[BlackElo "2739"]
[TimeControl "180+1"]
[EndTime "11:48:16 PDT"]
[Termination "Grischuk won on time"]

1. Nf3 Nf6 2. c4 d6 3. d4 Bg4 4. Nc3 g6 5. e4 Nc6 6. d5 Ne5 7. Be2 Bxf3 8. gxf3 Bg7 9. f4 Ned7 10. h4 h5 11. Be3 c6 12. Bd4 Qc7 13. Rg1 O-O-O 14. f5 c5 15. Be3 Ne5 16. fxg6 fxg6 17. f3 Bh6 18. Bxh6 Rxh6 19. Qd2 Rhh8 20. O-O-O a6 21.
Kb1 Rhf8 22. a3 Kb8 23. Ka2 Qd7 24. Rg3 Rc8 25. Rdg1 Rf7 26. Nd1 Qa4 27. Ne3 Ka7 28. Qc1 b5 29. b3 Qa5 30. Qc2 Rb8 31. f4 Neg4 32. Bxg4 hxg4 33. e5 Nh5 34. Rxg4 Nxf4 35. e6 Rf6 36. Rf1 Rbf8 37. Rgg1 Qb6 38. Ng4 Rf5 39.
Ne3 R5f6 40. Rd1 Qa5 41. Rd2 Rh8 42. Rg4 Nh5 43. Rgg2 Nf4 44. Rg4 Nh5 45. Rg1 Nf4 46. Rh1 Rhf8 47. Ng4 Rf5 48. Ne3 Re5 49. Ng4 Ref5 50.
Ne3 Re5 51. Nd1 Ref5 52. Nb2 Re5 53. Rhh2 Rff5 54. Rhf2 Re1 55. Nd3 Nxd3 56. Qxd3 Rxf2 57. Rxf2 1-0

[Event "*** SCC Grand Prix: Titled Tuesday Blitz"]
[Site "Chess.com"]
[Date "2020.06.02"]
[Round "9"]
[White "Iljushin_Alexey"]
[Black "rpragchess"]
[Result "1-0"]
[WhiteElo "2693"]
[BlackElo "2854"]
[TimeControl "180+1"]
[EndTime "11:48:17 PDT"]
[Termination "Iljushin_Alexey won on time"]

1. d4 Nf6 2. c4 Nc6 3. d5 Ne5 4. e4 Ng6 5. h4 h5 6. Nf3 e5 7. Bd3 Bc5 8. Bg5 a5 9. Nc3 d6 10. Qd2 c6 11. O-O-O Bg4 12. Kb1 Qc7 13. Rc1 Nh7 14. Ne1 Nxg5 15. hxg5 h4 16. f3 Bd7 17.
dxc6 bxc6 18. Na4 Bd4 19. Nc2 c5 20. Nc3 Bc6 21. Nxd4 cxd4 22. Nb5 Qd7 23. g3 hxg3 24. Rxh8+ Nxh8 25. f4 Ng6 26. f5 Nf4 27. Rg1 g2 28.
Rxg2 Nxg2 29. Qxg2 O-O-O 30. a4 Kb7 31. Qd2 Ra8 32.
c5 dxc5 33. Qc2 Qe7 34. f6 gxf6 35. gxf6 Qf8 36. Bc4 Ra6 37. Bd5 Rb6 38. Qc4 Qd8 39.
Bxc6+ Kxc6 40. Qxf7 Qd7 41. Qc4 d3 42. Kc1 d2+ 43.
Kd1 Rb8 44. Nc3 Rxb2 45. Qa6+ Rb6 46. Qa8+ Rb7 47. Qa6+ Kc7 48. Nd5+ Kb8 49. Kxd2 Qd8 50. Kc3 Qe8 51. Qd6+ Ka7 52. Qxc5+ Kb8 53. Qd6+ Ka7 54. Qc5+ Kb8 55. Qxa5 Qc6+ 56. Kd3 Rb3+ 57. Nc3 Qd6+ 58. Kc2 Rb6 59. f7 1-0